 Dungeon Crawl Stone Soup version 0.31-a0-1447-g87ca8d402b (webtiles) character file.

Game seed: 5557788835406305940

54779 Solx the Cleaver (level 14, -5/96 HPs)
             Began as a Gargoyle Fighter on Dec 27, 2023.
             Was a High Priest of Makhleb.
             Slain by a +0 demon whip of draining (18 damage)
             ... on level 12 of the Dungeon.
             The game lasted 01:11:48 (18488 turns).

Solx the Cleaver (Gargoyle Fighter)                Turns: 18488, Time: 01:11:49

Health: -5/96      AC: 27    Str: 27    XL:     14   Next: 74%
Magic:  20/20      EV: 11    Int:  5    God:    Makhleb [*****.]
Gold:   1534       SH:  4    Dex:  9    Spells: 13/13 levels left

rFire   + . .        d - +0 broad axe
rCold   . . .        c - +0 buckler
rNeg    + . .        S - +1 ring mail "Wefy" {Regen+ Str+3 Int-5}
rPois   ∞            m - +0 helmet
rElec   +            (no cloak)
rCorr   .            z - +0 pair of gloves
SInv    .            y - +0 pair of boots
Will    +....        R - amulet of regeneration Stlth
                     g - +4 ring of protection
HPRegen 1.96/turn    Y - ring of protection from fire
MPRegen 0.17/turn

%: no passive effects
@: about to teleport, flying
A: sickness immunity, AC +10, big wings, negative energy resistance 1,
electricity resistance, torment resistance 1, petrification resistance
a: Renounce Religion, Minor Destruction, Lesser Servant of Makhleb, Major
Destruction, Greater Servant of Makhleb


You were on level 12 of the Dungeon.
You worshipped Makhleb.
Makhleb was extremely pleased with you.
You visited 3 branches of the dungeon, and saw 18 of its levels.
You also visited: Bailey.

You collected 1534 gold pieces.

Inventory:

Hand Weapons
 a - a +0 morningstar of protection
 d - a +0 broad axe (weapon)
Missiles
 p - 6 javelins
 C - 35 poisoned darts (quivered)
 G - 9 boomerangs
 O - 5 atropa-tipped darts
Armour
 c - a +0 buckler (worn)
 m - a +0 helmet (worn)
 y - a +0 pair of boots (worn)
 z - a +0 pair of gloves (worn)
 K - a +0 plate armour
 S - the +1 ring mail "Wefy" (worn) {Regen+ Str+3 Int-5}
   (You found it on level 2 of the Lair of Beasts)

   Str+3:     It affects your strength (+3).
   Int-5:     It affects your intelligence (-5).
   Regen+:    It increases your rate of health regeneration.
Jewellery
 b - a ring of willpower
 g - a +4 ring of protection (left hand)
 B - a +6 ring of strength
 R - an amulet of regeneration (around neck)
 Y - a ring of protection from fire (right hand)
Wands
 l - a wand of light (15)
 E - a wand of flame (23)
 F - a wand of roots (4)
 N - a wand of polymorph (6)
 T - a wand of paralysis (15)
Scrolls
 f - 2 scrolls of revelation {unknown}
 h - 2 scrolls of silence {unknown}
 i - a scroll of enchant weapon {unknown}
 j - 5 scrolls of teleportation
 k - 3 scrolls of poison
 n - 4 scrolls of enchant armour
 r - 3 scrolls of fog
 w - 2 scrolls of fear
 x - a scroll of brand weapon {unknown}
 A - a scroll of amnesia {unknown}
 I - a scroll of immolation {unknown}
 P - a scroll of acquirement {unknown}
 Q - 5 scrolls of noise {unknown}
 Z - 3 scrolls of blinking {unknown}
Potions
 e - 3 potions of enlightenment
 o - 4 potions of invisibility {unknown}
 q - 12 potions of curing
 s - 2 potions of mutation {unknown}
 t - a potion of brilliance {unknown}
 u - 6 potions of heal wounds
 v - a potion of berserk rage {unknown}
 D - a potion of cancellation {unknown}
 H - 5 potions of degeneration {unknown}
 J - a potion of lignification {unknown}
 L - a potion of attraction {unknown}
 U - a potion of might
 V - 3 potions of haste {unknown}
 W - 3 potions of magic {unknown}
 X - 2 potions of resistance {unknown}
Miscellaneous
 M - a lightning rod (4/4)


   Skills:
 + Level 14.1 Fighting
 + Level 14.8(15.2) Axes
 - Level 6.3(12.2) Maces & Flails
 - Level 12.0 Armour
 - Level 4.0 Dodging
 - Level 4.0 Shields
 + Level 8.8 Invocations


You had 13 spell levels left.
You didn't know any spells.
Your spell library contained the following spells:

 Spells                   Type           Power      Damage    Failure   Level
 Freeze                   Ice            0%         1d3       63%         1
 Call Imp                 Summ           0%         N/A       77%         2
 Dazzling Flash           Conj/Hex       0%         N/A       94%         3
 Frozen Ramparts          Ice            0%         1d1       94%         3
 Hailstorm                Conj/Ice       0%         3d5       94%         3
 Mephitic Cloud           Conj/Alch/Air  0%         N/A       94%         3
 Brom's Barrelling Bould  Conj/Erth      0%         2d3       100%        4
 Alistair's Intoxication  Alch           0%         N/A       100%        5
 Borgnjor's Vile Clutch   Necr/Erth      0%         N/A       100%        5
 Curse of Agony           Necr           0%         N/A       100%        5
 Fireball                 Conj/Fire      0%         3d3       100%        5
 Iskenderun's Battlesphe  Conj           0%         2d6       100%        5
 Silence                  Hex/Air        0%         N/A       100%        5
 Conjure Ball Lightning   Conj/Air       0%         3x3d6     100%        6
 Eringya's Noxious Bog    Alch           0%         4d6       100%        6
 Orb of Destruction       Conj           0%         9d5       100%        7
 Summon Hydra             Summ           0%         N/A       100%        7
 Discord                  Hex            0%         N/A       100%        8
 Disjunction              Tloc           0%         N/A       100%        8
 Sublimation of Blood     Necr           Unusable   N/A       N/A         2

Dungeon Overview and Level Annotations

Branches:
Dungeon (12/15)            Temple (1/1) D:4            Lair (5/5) D:9
  Swamp (0/4) Lair:2        Snake (0/4) Lair:3          Orc (0/2) D:12
 Bailey (visited)
  Slime: Lair:4-5

Altars:
Ashenzari
Cheibriados
Dithmenos
Elyvilon
Fedhas
Gozag
Hepliaklqana
Kikubaaqudgha
Makhleb
Nemelex Xobeh
Okawaru
Qazlal
Ru
Sif Muna
Trog
Uskayaw
Vehumet
Wu Jian
Xom
Yredelemnul
Zin
The Shining One

Annotations:
D:4 Eustachio
Lair:4 exclusion: 2 oklob plants


Innate Abilities, Weirdness & Mutations

You are immune to sickness and miasma.
Your stone body is resilient. (AC +10)
You are immune to poison.
Your large and strong wings let you fly.
You resist negative energy. (rN+)
You are resistant to electric shocks. (rElec)
You are resistant to unholy torment.
You are immune to petrification.


Message History

* * * LOW HITPOINT WARNING * * *
The +0 demon whip of draining hits you but does no damage.
You swap places.
The +0 demon whip of draining hits you.
* * * LOW HITPOINT WARNING * * *
The +0 vampiric demon trident hits you from afar!
* * * LOW HITPOINT WARNING * * *
Your hellwing completely misses the +0 demon whip of draining.
Your hellwing hits the +0 demon whip of draining but does no damage.
The +0 demon whip of draining hits you but does no damage.
The +0 vampiric demon trident hits your ynoxinul!
The +0 vampiric demon trident barely misses your ynoxinul.
Your hellwing barely misses the +0 demon whip of draining.
Your hellwing hits the +0 demon whip of draining.
Your ynoxinul barely misses the +0 demon whip of draining.
You feel much better. The +0 demon whip of draining hits you.
The +0 vampiric demon trident hits your ynoxinul!!
Your ynoxinul dies!
Your ynoxinul disappears in a puff of smoke!
You block the +0 demon whip of draining's attack.
Your hellwing barely misses the +0 demon whip of draining.
Your hellwing hits the +0 demon whip of draining.
As you read the scroll of teleportation, it crumbles to dust.
You feel strangely unstable.
The +0 demon whip of draining hits you but does no damage.
You block the +0 vampiric demon trident's attack.
The +0 demon whip of draining hits you but does no damage.
Your hellwing hits the +0 demon whip of draining.
Your hellwing completely misses the +0 demon whip of draining.
You completely miss the +0 demon whip of draining.
The +0 demon whip of draining is heavily damaged.
The +0 vampiric demon trident hits you from afar!
* * * LOW HITPOINT WARNING * * *
The +0 demon whip of draining hits you.
* * * LOW HITPOINT WARNING * * *
Unknown command.
The +0 vampiric demon trident attacks as it pursues you!
The +0 vampiric demon trident hits you from afar.
* * * LOW HITPOINT WARNING * * *
The +0 demon whip of draining hits you!!
You die...

>######
##########............#
......### #.#.#.###....##
#####...## ##...#...#....^.
.######..# ##...####...##..#
)....###.#
#####...#.......##..# ####.#
#.####.........#####......
#.###.........###### ####...
#...........#.############....
#####........@##...........##.
#.........(4.############.
###.......(..# #<
########......[.....# #.
.>....>.............########
##
...#...###.............(...###
# #....###
#............####...####
#....#####..........#.#
###..).#
#.##......#####.#####.###
####.#


You could see 2 dancing weapons and a friendly hellwing (summoned).

Vanquished Creatures
  A fire dragon (Lair:5)
  2 hydras
  A centaur warrior (D:12)
  A two-headed ogre (D:10)
  An alligator (Lair:2)
  A boulder beetle (D:12)
  3 death yaks
  A dancing weapon (D:12)
  A skyshark (Lair:2)
  3 black mambas
  17 cane toads
  13 elephants
  2 unseen horrors
  A gargoyle (D:11)
  3 rime drakes
  12 komodo dragons
  3 hornets
  A polar bear (Lair:4)
  Grinder (D:4)
  33 blink frogs
  4 slime creatures (D:11)
  A shadow (D:11)
  37 yaks
  5 wyverns
  4 wraiths
  4 basilisks
  4 steam dragons
  7 vampire mosquitoes
  4 acid dragons
  3 nagas (Lair:3)
  14 water moccasins
  3 ice beasts
  6 black bears
  A sky beast (D:7)
  5 wolves
  4 boggarts (Lair:4)
  7 centaurs
  3 phantoms
  A kobold brigand (D:8)
  2 gnoll sergeants
  4 scorpions
  11 bullfrogs
  10 wights
  7 killer bees
  A howler monkey (D:10)
  A jelly (D:8)
  6 orc priests
  3 bombardier beetles (D:5)
  4 hounds
  2 gnoll boudas
  4 iguanas
  7 orc wizards
  5 hell rats (Lair:1)
  26 gnolls
  6 adders
  2 ufetubi (D:5)
  A worm (D:2)
  2 dart slugs
  45 orcs
  4 ball pythons
  3 endoplasms
  A giant cockroach (D:2)
  4 goblins
  3 hobgoblins
  2 jackals (D:5)
  A quokka (D:2)
  5 bats
  A frilled lizard (D:2)
  4 kobolds
  4 rats
399 creatures vanquished.

Vanquished Creatures (collateral kills)
  Fannar (Lair:2)
  2 hydras
  2 two-headed ogres
  Sonja (Lair:5)
  A swamp dragon (Lair:5)
  An orc knight (Bailey)
  6 elephants
  A komodo dragon (Lair:4)
  8 yaks
  A steam dragon (Lair:5)
  A vampire mosquito (Lair:1)
  2 swamp drakes
  An orc warrior (D:10)
  A bullfrog (Lair:1)
  A gnoll sergeant (D:12)
  2 iguanas (Lair:5)
  4 gnolls (D:12)
  An orc (Bailey)
  4 goblins (D:10)
41 creatures vanquished.

Vanquished Creatures (others)
  An orc wizard (D:6)
1 creature vanquished.

Grand Total: 441 creatures vanquished

Notes
Turn   | Place    | Note
-------+----------+-------------------------------------------
     0 | D:1      | Solx the Gargoyle Fighter began the quest for the Orb.
     0 | D:1      | Reached XP level 1. HP: 14/14 MP: 1/1
    46 | D:1      | Reached XP level 2. HP: 19/19 MP: 2/2
   304 | D:1      | Found a faded altar of an unknown god.
   521 | D:1      | Reached XP level 3. HP: 19/23 MP: 3/3
  1057 | D:2      | Reached XP level 4. HP: 27/29 MP: 4/4
  1411 | D:2      | Noticed a phantom
  1438 | D:2      | Killed a phantom
  1439 | D:2      | Reached XP level 5. HP: 6/34 MP: 5/5
  2413 | D:4      | Noticed Grinder
  2434 | D:4      | Killed Grinder
  2435 | D:4      | Reached skill level 5 in Fighting
  2435 | D:4      | Reached skill level 5 in Maces & Flails
  2435 | D:4      | Reached XP level 6. HP: 16/40 MP: 6/6
  2778 | D:4      | Reached XP level 7. HP: 38/44 MP: 5/7
  2832 | D:4      | Found a staircase to the Ecumenical Temple.
  2842 | Temple   | Entered the Ecumenical Temple
  2873 | Temple   | Became a worshipper of Makhleb the Destroyer
  3039 | D:4      | Noticed Eustachio
  3124 | D:5      | Entered Level 5 of the Dungeon
  3397 | D:5      | Reached skill level 1 in Axes
  4086 | D:5      | Reached XP level 8. HP: 51/52 MP: 8/8
  4323 | D:4      | Identified the +1 dagger "Socaoty" {pain, *Rage rN+ Str+3
                  | Dex+4}
  4400 | D:4      | Reached skill level 1 in Invocations
  5503 | D:5      | Reached * piety under Makhleb
  5671 | D:6      | Reached skill level 5 in Axes
  5849 | D:6      | Noticed a hornet
  5856 | D:6      | Killed a hornet
  5857 | D:6      | Reached XP level 9. HP: 59/59 MP: 10/10
  6059 | D:6      | Found an opulent altar of Gozag.
  6762 | D:7      | Found an ornate altar of the Wu Jian Council.
  7076 | D:7      | Found a glowing golden altar of the Shining One.
  7256 | D:7      | Reached ** piety under Makhleb
  7723 | D:8      | Reached XP level 10. HP: 66/66 MP: 11/11
  8139 | D:8      | Found a glowing silver altar of Zin.
  8465 | D:9      | Found a staircase to the Lair.
  8658 | D:9      | Reached *** piety under Makhleb
  8689 | D:9      | Reached skill level 10 in Fighting
  9210 | D:10     | Entered Level 10 of the Dungeon
  9210 | D:10     | Noticed a two-headed ogre
  9223 | D:10     | Killed a two-headed ogre
  9224 | D:10     | Reached skill level 5 in Armour
  9224 | D:10     | Reached XP level 11. HP: 62/72 MP: 10/14
  9382 | D:10     | Reached skill level 5 in Invocations
  9430 | D:10     | Reached skill level 10 in Axes
  9459 | D:10     | Found a flagged portal.
  9484 | Bailey   | Entered a bailey
  9702 | Bailey   | Noticed an orc knight
  9721 | Bailey   | Killed an orc knight
 10315 | D:10     | Reached **** piety under Makhleb
 11141 | D:11     | Noticed a two-headed ogre
 11148 | D:11     | Killed a two-headed ogre
 11601 | D:12     | Noticed a boulder beetle
 11617 | D:11     | Reached XP level 12. HP: 80/80 MP: 17/17
 11637 | D:12     | Killed a boulder beetle
 11689 | D:12     | Found a runed translucent door.
 11693 | D:12     | Found a hide-covered altar of Uskayaw.
 11693 | D:12     | Noticed a +0 demon whip of draining
 12038 | D:12     | Noticed a two-headed ogre
 12046 | D:12     | Killed a two-headed ogre
 12418 | D:12     | Found a staircase to the Orcish Mines.
 12427 | D:12     | Noticed a centaur warrior
 12440 | D:12     | Killed a centaur warrior
 12626 | Lair:1   | Entered Level 1 of the Lair of Beasts
 12994 | Lair:1   | Noticed a five-headed hydra
 13025 | Lair:1   | Killed a five-headed hydra
 13308 | Lair:1   | Reached XP level 13. HP: 68/86 MP: 18/18
 14287 | Lair:2   | Identified the +1 ring mail "Wefy" {Regen+ Str+3 Int-5}
 14424 | Lair:2   | Reached skill level 1 in Dodging
 14538 | Lair:2   | Reached ***** piety under Makhleb
 14596 | Lair:2   | Noticed Fannar
 14818 | Lair:2   | Killed Fannar
 14862 | Lair:2   | Found a staircase to the Swamp.
 14878 | Lair:2   | Reached skill level 10 in Armour
 15300 | Lair:3   | Identified the +6 short sword "Ivvuhaq" {speed, *Noise
                  | rC+++ MP+9 Dex-4}
 16060 | Lair:3   | Found a staircase to the Snake Pit.
 16116 | Lair:3   | Gained mutation: Your large and strong wings let you fly.
                  | [Gargoyle growth]
 16116 | Lair:3   | Reached XP level 14. HP: 91/92 MP: 20/20
 16514 | Lair:4   | You are sucked into a shaft and drop 1 floor!
 16514 | Lair:5   | Entered Level 5 of the Lair of Beasts
 16523 | Lair:5   | Noticed Sonja
 16528 | Lair:5   | Killed Sonja
 16921 | Lair:5   | Identified the +2 scale mail "Enwipn" {Str+2}
 18488 | D:12     | Slain by a +0 demon whip of draining

Illustrated notes

Levels and vault maps discovered:
D:1:      minmay_arrival_five_plusses, layout_basic,
          shapermc_ecumenical_altar_petra
D:2:      layout_basic, kennysheep_cross_room, minmay_tetromino_t4
D:3:      layout_basic
D:4:      layout_layer_cave, minmay_temple_entry_antechambers, uniq_eustachio,
          uniq_grinder
D:5:      layout_gridville, chequers_mini_garden
D:6:      layout_loops_cross, nicolae_gozag_cash_rules_everything_around_me
D:7:      kennysheep_seaside_town, layout_gridville,
          mainiacjoe_overflow_catch_the_wave
D:8:      layout_basic, zin_academy
D:9:      layout_cave_pods, minmay_lair_entry_grove
D:10:     wad_woods_tower, layout_irregular_city, enter_bailey_5
D:11:     layout_stronghold, chequers_serial_rivers_micro_a
D:12:     layout_rooms, orc_0_dummy, nicolae_danse_macabre
Temple:   dpeg_five_rooms_temple
Lair:1:   layout_cave_pods, pond, serial_bayou_shore_b, grunt_megastairs_2,
          lemuel_fruit_tree
Lair:2:   layout_long_grid, mainiacjoe_swamp_entry_lozenge_pond,
          beast_lair_carwin_11, uniq_fannar
Lair:3:   layout_regular_city, nicolae_snake_entry_squirm
Lair:4:   layout_long_grid, minmay_slime_entry_oklob_open,
          kilobyte_rumbling_trees
Lair:5:   guppyfry_lair_end_dragon, layout_hall_layers, grunt_megastairs_1,
          lemuel_fruit_fields, infiniplex_staircase_pool_2, uniq_sonja

Skill      XL: |  1  2  3  4  5  6  7  8  9 10 11 12 13 14 |
---------------+-------------------------------------------+-----
Maces & Flails | 3 4 5 6 |  6.3
Fighting       | 4 5 6 7 9 10 11 12 14 | 14.1
Shields        | 4 |  4.0
Axes           | 2 5 8 9 11 13 14 | 14.8
Invocations    | 2 4 6 7 8 |  8.8
Armour         | 5 7 8 12 | 12.0
Dodging        | 4 |  4.0

Action                     |  1- 3 |  4- 6 |  7- 9 | 10-12 | 13-15 || total
---------------------------+-------+-------+-------+-------+-------++-------
  Melee: Flail             |    29 |       |       |   470 |    10 ||   509
         Whip              |    36 |    91 |   209 |       |       ||   336
         Hand axe          |       |       |   212 |   439 |   151 ||   802
         Broad axe         |       |       |       |       |   438 ||   438
         Morningstar       |       |       |       |       |     4 ||     4
  Throw: Dart              |       |       |       |     7 |       ||     7
 Invoke: Minor Destruction |       |       |       |    19 |    71 ||    90
         Lesser Servant of |       |       |       |     8 |    16 ||    24
  Evoke: Wand              |       |       |     3 |     3 |     5 ||    11
    Use: Scroll            |       |     2 |     3 |     2 |     5 ||    12
         Potion            |       |     1 |       |       |     3 ||     4
   Stab: Distracted        |       |       |       |     1 |     1 ||     2
 Armour: Scale mail        |    45 |    54 |    27 |       |       ||   126
         Leather armour    |       |       |   280 |     7 |       ||   287
         Plate armour      |       |       |       |   853 |    21 ||   874
         Ring mail         |       |       |       |       |   467 ||   467
  Dodge: Dodged            |    33 |    25 |   201 |   250 |   251 ||   760
  Block: Buckler           |    10 |    12 |    85 |   178 |    90 ||   375

Table legend: (Time is in decaauts)
 A = Elapsed time spent in this place.
 B = Non-inter-level travel time spent in this place.
 C = Inter-level travel time spent in this place.
 D = Time resting spent in this place.
 E = Time spent auto-exploring this place.
 F = Levels seen in this place.
 G = Mean time per level.
                   A        B        C        D        E       F      G
               +--------+--------+--------+--------+--------+-----+--------+
         Total |  18263 |  17509 |    754 |   1475 |   7054 |  19 |  961.2 |
       Dungeon |  12397 |  11796 |    601 |   1297 |   5150 |  12 | 1033.1 |
        Temple |     60 |     30 |     30 |      0 |      0 |   1 |   60.0 |
          Lair |   5447 |   5325 |    122 |    178 |   1858 |   5 | 1089.4 |
        Bailey |    357 |    357 |      0 |      0 |     45 |   1 |  357.0 |
               +--------+--------+--------+--------+--------+-----+--------+

Top non-repeatable levels by time:
     D:5: 1804 daAuts
  Lair:1: 1541 daAuts
     D:4: 1338 daAuts
    D:11: 1334 daAuts
     D:2: 1270 daAuts
  Lair:5: 1119 daAuts
     D:6: 1117 daAuts
     D:9: 1063 daAuts
    D:10: 1014 daAuts
  Lair:3: 1011 daAuts
  Lair:2: 948 daAuts
  Lair:4: 826 daAuts
    D:12: 788 daAuts
     D:3: 746 daAuts
     D:8: 719 daAuts
